Map: Green Acres

Players

A.I. 2 (Very Easy)

  • Race: Terran Terran
  • Spawn Location: 7:00

Lunarbears - Winner!

  • Race: Terran Terran
  • Spawn Location: 12:00

larsgj - Winner!

  • Race: Terran Terran
  • Spawn Location: 1:00

VOD

Have the link to the VOD?

Description

Time

  • Played on: May 7, 2020, 1:24 p.m.
  • Length: 11:34
Show
View Real Time Build Order
Export as new Build Order

A.I. 2 (Very Easy) Terran 

Build Orders:  

Get SALT Encoding   

  12  0:00  SCV  
  13  0:13  SCV  
  14  0:19  Supply Depot  
  14  0:38  Refinery  
  14  0:45  Barracks  
  14  1:05  Supply Depot  
  14  1:13  Refinery  
  14  1:32  Barracks Tech Lab  
  14  1:35  Orbital Command  
  14  1:50  Marine  
  15  2:00  SCV  
  16  2:12  SCV  
  17  2:24  SCV  
  18  2:37  SCV, Marine  
  20  2:49  SCV  
  21  3:01  SCV  
  22  3:25  Marauder  
  24  6:46  SCV  
  25  6:47  Marine  
  25  6:48  Supply Depot  
  25  6:50  Factory  
  26  6:57  Command Center  
  26  6:58  SCV  
  27  7:10  SCV  
  27  7:13  Supply Depot  
  28  7:20  Marine  
  29  7:23  SCV  
  26  7:35  SCV  
  27  7:37  Starport  
  26  7:53  Marine  
  27  8:10  SCV  
  28  8:17  SCV  
  29  8:24  Starport Tech Lab, Refinery  
  29  8:25  SCV  
  29  8:26  Marine, Refinery  
  31  8:32  SCV  
  32  8:39  SCV  
  33  8:46  SCV  
  36  8:52  Raven  
  36  8:53  SCV  
  37  8:59  Marine  
  37  9:01  SCV  
  39  9:08  SCV  
  40  9:15  SCV  
  41  9:22  SCV  
  42  9:27  Marine  
  42  9:29  SCV  
  46  9:35  Raven  
  46  9:37  SCV  
  43  9:44  SCV  
  42  9:51  SCV  
  29  9:56  Hellion  
  31  10:05  SCV  
  31  10:06  Supply Depot  
  33  10:17  Raven  
  33  10:18  SCV  
  34  10:24  Marine  
  35  10:30  SCV  
  34  10:42  SCV  
  25  10:54  Hellion, SCV  
  17  11:06  SCV  
  17  11:08  Command Center  
Show
View Real Time Build Order
Export as new Build Order

Lunarbears Terran - Winner!

Build Orders:  

Get SALT Encoding   

  12  0:09  SCV  
  13  0:21  SCV  
  14  0:33  SCV  
  15  0:43  Refinery  
  15  0:59  Supply Depot  
  15  1:03  Supply Depot  
  15  1:07  Supply Depot  
  15  1:21  SCV  
  16  1:26  Supply Depot  
  16  1:32  Supply Depot  
  16  1:33  SCV  
  17  1:45  SCV  
  18  1:56  Barracks  
  18  1:57  SCV  
  18  2:00  Supply Depot  
  19  2:09  SCV  
  20  2:21  SCV  
  21  2:32  Engineering Bay  
  21  2:50  Marine  
  22  3:01  Supply Depot  
  22  3:08  Marine  
  24  3:20  SCV  
  24  3:26  Marine  
  25  3:28  Command Center  
  25  3:29  Supply Depot  
  25  3:32  SCV  
  26  3:36  Terran Infantry Weapons Level 1  
  26  3:44  SCV, Marine  
  28  4:02  Marine  
  29  4:08  Refinery  
  29  4:19  Marine  
  30  4:37  Marine  
  30  4:55  Marine, SCV  
  32  5:03  Refinery  
  32  5:08  SCV  
  32  5:13  Marine  
  34  5:16  Missile Turret  
  34  5:20  SCV  
  35  5:31  Marine, Terran Infantry Armor Level 1  
  35  5:32  SCV  
  37  5:44  SCV  
  37  5:45  Ghost Academy  
  37  5:48  Marine  
  39  5:58  Factory  
  39  6:06  Marine  
  40  6:24  Marine  
  41  6:38  Factory  
  41  6:42  Marine  
  42  6:50  Starport  
  42  6:59  SCV  
  42  7:00  Marine  
  44  7:07  Supply Depot  
  44  7:11  SCV  
  45  7:18  Marine  
  46  7:23  SCV  
  46  7:35  SCV, Marine  
  46  7:36  Hellion  
  50  7:47  SCV  
  51  7:53  Marine  
  52  8:17  Barracks Tech Lab  
  52  8:27  Liberator  
  55  8:50  Widow Mine  
  55  8:51  Widow Mine  
  59  8:59  Marauder  
  61  9:11  Widow Mine  
  61  9:12  Widow Mine  
  61  9:13  Starport Tech Lab  
  65  9:20  Marauder  
  67  9:33  Widow Mine  
  69  9:42  Marauder  
  71  10:03  Marauder  
  73  10:25  Marauder  
  71  10:45  Marine  
Show
View Real Time Build Order
Export as new Build Order

larsgj Terran - Winner!

Build Orders:  

Get SALT Encoding   

  12  0:01  SCV  
  13  0:17  SCV  
  14  0:28  Supply Depot  
  14  0:29  SCV  
  15  0:47  Supply Depot  
  15  0:51  Barracks  
  15  0:53  SCV  
  16  1:05  SCV  
  17  1:17  SCV  
  18  1:20  Engineering Bay  
  18  1:29  SCV  
  18  1:32  Supply Depot  
  19  1:39  Marine  
  20  1:46  SCV  
  21  1:47  Refinery  
  21  1:52  Refinery  
  21  1:57  Marine  
  22  2:03  Bunker  
  22  2:15  Marine  
  23  2:33  Marine, SCV  
  25  2:45  SCV  
  25  2:46  Bunker  
  25  2:50  Marine  
  27  2:57  SCV  
  28  2:59  Barracks  
  28  3:08  Marine  
  28  3:09  SCV  
  30  3:16  Terran Infantry Weapons Level 1  
  30  3:17  Bunker  
  30  3:21  SCV  
  30  3:26  Marine  
  32  3:33  SCV  
  33  3:43  Supply Depot  
  33  3:44  Marine  
  33  3:45  SCV  
  35  3:54  Supply Depot  
  35  3:57  SCV  
  35  3:58  Barracks Tech Lab  
  36  4:02  Marine  
  36  4:06  Supply Depot  
  36  4:09  SCV  
  38  4:17  Supply Depot  
  38  4:20  Marine  
  38  4:22  SCV  
  40  4:30  Missile Turret, Supply Depot  
  40  4:38  Marine  
  41  4:46  Marine  
  42  4:53  SCV  
  42  4:54  Missile Turret  
  42  4:56  Marine  
  44  5:04  Marine  
  44  5:05  SCV  
  46  5:14  Marine  
  46  5:17  SCV, Missile Turret  
  48  5:22  Marine  
  49  5:31  Marine  
  50  5:37  Missile Turret, Factory  
  50  5:40  Marine  
  51  5:49  Marine  
  52  5:55  Planetary Fortress  
  52  5:57  Marine  
  52  5:58  Terran Infantry Armor Level 1  
  52  6:02  Missile Turret  
  53  6:07  Marine  
  54  6:15  Marine  
  55  6:25  Marine  
  56  6:27  Command Center  
  56  6:31  Starport  
  56  6:32  Missile Turret  
  56  6:33  Marine  
  57  7:00  Command Center  
  57  7:01  Barracks Tech Lab  
  57  7:06  Marine  
  58  7:11  Medivac  
  60  7:18  Starport  
  60  7:24  Marine  
  61  7:42  Marine  
  62  7:49  Command Center  
  62  7:52  Hi-Sec Auto Tracking  
  62  8:00  Marine  
  63  8:06  Medivac x2  
  63  8:12  SCV  
  68  8:18  Marine  
  69  8:24  SCV  
  70  8:32  Refinery  
  70  8:36  SCV  
  70  8:37  Starport Tech Lab  
  70  8:39  Starport Tech Lab  
  71  8:44  Orbital Command  
  71  8:48  SCV  
  71  8:49  Neosteel Armor  
  72  9:02  Orbital Command  
  72  9:16  Refinery  
  72  9:26  Armory  
  72  9:31  Supply Depot  
  72  9:50  SCV  
  73  9:55  Supply Depot  
  73  10:02  SCV  
  74  10:15  SCV  
  74  10:19  Banshee x2  
  81  10:23  Marine  
  81  10:27  SCV  
  83  10:39  SCV  
  84  10:51  SCV  
Tags
 
Add a new tag
Caveats
  • Supply blocks, unpowered buildings, or Contaminate may cause inaccurate times.
  • Supply counts are checked every 10 seconds.